 Dungeon Crawl Stone Soup version 0.23-a0-481-g60b89c1 (webtiles) character file.

126 Lavandula the Cutter (level 5, -3/31 HPs)
             Began as a Halfling Enchanter on Nov 30, 2018.
             Slain by a quokka (4 damage)
             ... summoned by Eustachio
             ... on level 5 of the Dungeon.
             The game lasted 00:06:36 (1186 turns).

Lavandula the Cutter (Halfling Enchanter)           Turns: 1186, Time: 00:06:37

Health: -3/31      AC:  2    Str:  9    XL:     5   Next: 31%
Magic:  5/9        EV: 15    Int: 13    God:
Gold:   45         SH:  0    Dex: 16    Spells: 3/9 levels left

rFire    . . .     SeeInvis .   a - +1 dagger
rCold    . . .     Gourm    .   (shield restricted)
rNeg     . . .     Faith    .   b - +0 robe
rPois    .         Spirit   .   (no helmet)
rElec    .         Reflect  .   (no cloak)
rCorr    .         Harm     .   (no gloves)
MR       .....                  (no boots)
Stlth    ++........             (no amulet)
HPRegen  0.10/turn              (no ring)
MPRegen  0.11/turn              (no ring)

@: no status effects
A: small, mutation resistance 1
a: no special abilities


You were on level 5 of the Dungeon.
You were not hungry.

You visited 1 branch of the dungeon, and saw 5 of its levels.

You collected 45 gold pieces.

Inventory:

Hand Weapons
 a - a +1 dagger (weapon)
Missiles
 e - 7 needles of confusion
Armour
 b - a +0 robe (worn)
 k - a +2 buckler
Scrolls
 c - a scroll of remove curse {unknown}
 g - a scroll of random uselessness {unknown}
 i - a scroll of summoning {unknown}
 j - a scroll of fog {unknown}
 l - a scroll of identify {unknown}
Potions
 f - a potion of flight {unknown}
 h - a potion of agility {unknown}
Comestibles
 d - 3 rations


   Skills:
 - Level 3.6 Short Blades
 - Level 2.1 Dodging
 - Level 3.2 Stealth
 + Level 2.8 Spellcasting
 - Level 2.9 Hexes


You had 3 spell levels left.
You knew the following spells:

 Your Spells              Type           Power        Failure   Level  Hunger
a - Corona                Hex            #......      7%          1    #......
b - Ensorcelled Hibernat  Hex/Ice        #.....       21%         2    ###....
c - Confuse               Hex            #.......     22%         3    ###....

Your spell library contained the following spells:

 Spells                   Type           Power        Failure   Level  Hunger
 Tukima's Dance           Hex            #.......     22%         3    ###....
 Dazzling Spray           Conj/Hex       #.....       36%         3    ###....


Dungeon Overview and Level Annotations

Branches:
Dungeon (5/15)
 Temple: D:4-7

Altars:
Trog

Annotations:
D:5 Eustachio


Innate Abilities, Weirdness & Mutations

You are small and have problems with some larger weapons.
You are somewhat resistant to further mutation.


Message History

Press: ? - help, Shift-Dir - straight line, f/p - Eustachio
Aim: Eustachio, wielding a +0 rapier and wearing a +0 leather armour (severely
Okay, then.
You aren't carrying any items that you can evoke.
Unknown command.
You barely miss Eustachio.
Eustachio is severely wounded.
Eustachio hits you with a +0 rapier!
* * * LOW HITPOINT WARNING * * *
The quokka completely misses you.
Unknown command.
You hit Eustachio but do no damage.
Eustachio is severely wounded.
The quokka barely misses you.
Unknown command.
You barely miss Eustachio.
Eustachio is severely wounded.
Eustachio gestures wildly while chanting.
The quokka bites you.
You die...

..##........... ..
....)...# #... .##. #
...#...####(## #.#....
........##...# ..#..#
.#.##......_.##(.#..#
.#......##..?.....###.
)#..#...####.....r....
.##.#....##.†..##@####
..........#...#.@r5..#
#)##..#.......#...#..#
..##....#..#....#.# #
..##.>####.#..###...
..##### #...... ...#
### ############


You could see Eustachio, an iron imp, a river rat and a quokka.

Vanquished Creatures
  An orc wizard (D:5)
  A worker ant (D:5)
  A hound zombie (D:5)
  3 adders (D:2)
  3 orcs (D:5)
  3 giant cockroaches (D:2)
  5 goblins
  5 hobgoblins
  2 kobolds
  A ball python (D:2)
  3 bats
  A rat (D:2)
29 creatures vanquished.

Notes
Turn   | Place    | Note
-------+----------+-------------------------------------------
     0 | D:1      | Lavandula the Halfling Enchanter began the quest for the
                  | Orb.
     0 | D:1      | Reached XP level 1. HP: 11/11 MP: 3/3
   206 | D:1      | Reached XP level 2. HP: 12/17 MP: 4/4
   252 | D:1      | Learned a level 2 spell: Ensorcelled Hibernation
   467 | D:2      | Reached XP level 3. HP: 15/21 MP: 1/5
   706 | D:2      | Reached XP level 4. HP: 27/27 MP: 3/6
   793 | D:5      | Entered Level 5 of the Dungeon
   795 | D:5      | Noticed a sky beast
   819 | D:5      | HP: 1/27 [hound zombie (4)]
   855 | D:5      | Learned a level 3 spell: Confuse
  1100 | D:5      | Found a bloodstained altar of Trog.
  1116 | D:5      | Reached XP level 5. HP: 31/31 MP: 6/8
  1152 | D:5      | Noticed Eustachio
  1184 | D:5      | HP: 1/31 [Eustachio/+0 rapier (8)]
  1186 | D:5      | Slain by a quokka

Vault maps used:
D:1:      nagdon_arrival_double_spiral, hangedman_decor_push
D:2:      marbit_many_paths, first_ration
D:3:      elyvilon_altar_3, minmay_misc_feat_square, minivault_14
D:4:      kennysheep_slug_shrine
D:5:      minitemple, basic_altar, trog_three_pillars_becter, uniq_eustachio

Skill      XL: |  1  2  3  4 |
---------------+-------------+-----
Short Blades   | 2 3 |  3.6
Spellcasting   | 2 |  2.8
Dodging        | |  2.1
Stealth        | |  3.2
Hexes          | |  2.9

Action                   |  1- 3 |  4- 6 || total
-------------------------+-------+-------++-------
Melee: Dagger            |   110 |    50 ||   160
 Cast: Corona            |    19 |     8 ||    27
       Ensorcelled Hiber |     4 |     4 ||     8
  Use: Potion            |     2 |       ||     2
 Stab: Sleeping          |     3 |     3 ||     6
  Eat: Ration            |       |     1 ||     1
Armor: Robe              |    19 |     6 ||    25
Dodge: Dodged            |    96 |    32 ||   128

Table legend:
 A = Non-vault XP
 B = Vault XP
 C = Vault XP percentage of total XP
 D = Non-vault monster count
 E = Vault monster count
 F = Vault count percentage of total count
                 A         B        C        D         E       F
            +---------+---------+-------+---------+---------+-------
      Total |     180 |       0 |   0.0 |      29 |       0 |   0.0
            +---------+---------+-------+---------+---------+-------
        D:1 |      13 |       0 |   0.0 |       7 |       0 |   0.0
        D:2 |      57 |       0 |   0.0 |      14 |       0 |   0.0
        D:3 |       4 |       0 |   0.0 |       2 |       0 |   0.0
        D:5 |     106 |       0 |   0.0 |       6 |       0 |   0.0
            +---------+---------+-------+---------+---------+-------
